 Dungeon Crawl Stone Soup version 0.19.4-9-g45fd643 (webtiles) character file.

165 Invaser777 the Slasher (level 5, -1/46 HPs)
             Began as a Draconian Fighter on Feb 19, 2017.
             Slain by an ogre
             ... wielding a +0 giant club
              (23 damage)
             ... on level 4 of the Dungeon on Feb 20, 2017.
             The game lasted 00:17:19 (2678 turns).

Invaser777 the Slasher (Draconian Fighter)          Turns: 2678, Time: 00:17:19

Health: -1/46      AC:  9    Str: 23    XL:     5   Next: 22%
Magic:  5/5        EV: 10    Int:  8    God:
Gold:   244        SH: 10    Dex: 11    Spells: 0 memorised, 4 levels left

rFire  . . .     SeeInvis .     a - +0 long sword
rCold  . . .     Gourm    .     (armour unavailable)
rNeg   . . .     Faith    .     b - +1 shield
rPois  .         Spirit   .     (helmet restricted)
rElec  .         Reflect  .     (no cloak)
rCorr  .         Harm     .     e - +0 pair of gloves
MR     .....                    (no boots)
Stlth  +.........               (no amulet)
                                r - +4 ring of strength
                                m - +3 ring of protection

@: no status effects
A: unfitting armour, cold-blooded, AC +5
a: no special abilities


You were on level 4 of the Dungeon.
You were not hungry.

You visited 1 branch of the dungeon, and saw 4 of its levels.

You collected 244 gold pieces.

Inventory:

Hand Weapons
 a - a +0 long sword (weapon)
Armour
 b - a +1 shield (worn)
 e - a +0 pair of gloves (worn)
Rods
 w - a -2 iron rod (11/11)
   (You found it on level 4 of the Dungeon)
Jewellery
 m - a +3 ring of protection (left hand)
 p - a +4 ring of strength
 r - a +4 ring of strength (right hand)
 t - an uncursed ring of teleportation
 v - an uncursed amulet of harm
Scrolls
 g - 4 scrolls of remove curse
 h - 2 scrolls of teleportation
Potions
 c - a potion of might
 j - a potion of degeneration {unknown}
 k - a potion of mutation {unknown}
 n - a potion of lignification
 s - a potion of resistance {unknown}
 u - a potion of cancellation {unknown}
Comestibles
 d - 4 bread rations
 f - a fruit
 i - 3 beef jerkies
 l - a royal jelly


   Skills:
 + Level 3.7 Fighting
 * Level 4.1 Long Blades
 + Level 3.1 Dodging
 + Level 0.6 Stealth
 + Level 3.8 Shields


You had 4 spell levels left.
You didn't know any spells.

Dungeon Overview and Level Annotations

Branches:
Dungeon (4/15)
 Temple: D:4-7

Altars:


Innate Abilities, Weirdness & Mutations

Your plain brown scales are hard. (AC +5)
You cannot fit into any form of body armour.
You are cold-blooded and may be slowed by cold attacks.


Message History

Okay, then.
a - a +0 long sword (weapon)
You hit the plant but do no damage.
Found a hand axe.
An ogre comes into view. It is wielding a giant club.
As you read the scroll labeled WOPNUPER NOSCH, it crumbles to dust.
You assume a fearsome visage.
The ogre looks frightened!
The ogre shouts!
It was a scroll of fear.
Found a beef jerky.
You see here a hand axe.
i - 3 beef jerkies (gained 1)
The ogre seems to regain its courage.
The ogre hits you with a giant club!!
Ouch! That really hurt!
You slash the ogre! You tail-slap the ogre.
The ogre is moderately wounded.
The ogre hits you with a giant club!!
Ouch! That really hurt!
You die...

P# .. #.# ## #.#
#.# #.# #.# #.#
##.## # #.#
######...##.# ###
#.# #.. .......
..####.# #.# #..O#
#...##.###.#####@#
###....).........#
################


You could see an ogre.

Vanquished Creatures
  A howler monkey (D:4)
  A worker ant (D:4)
  3 adders
  An ooze (D:3)
  3 worms
  2 dart slugs
  A leopard gecko (D:1)
  5 orcs
  2 giant cockroaches
  2 goblins
  9 hobgoblins
  7 jackals
  A quokka (D:3)
  5 bats
  6 frilled lizards
  2 kobolds
  4 rats
55 creatures vanquished.

Notes
Turn   | Place    | Note
-------+----------+-------------------------------------------
     0 | D:1      | Invaser777 the Draconian Fighter began the quest for the Orb.
     0 | D:1      | Reached XP level 1. HP: 19/19 MP: 1/1
   380 | D:1      | Reached XP level 2. HP: 26/26 MP: 2/2
   888 | D:1      | Reached XP level 3. HP: 31/31 MP: 3/3
  1111 | D:2      | Reached skill level 3 in Long Blades
  1742 | D:3      | Reached XP level 4. HP: 34/38 MP: 4/4
  2594 | D:4      | Reached skill level 4 in Long Blades
  2594 | D:4      | Reached XP level 5. HP: 42/46 MP: 5/5
  2662 | D:4      | Noticed an ogre
  2678 | D:4      | Slain by an ogre

Skill      XL: |  1  2  3  4 |
---------------+-------------+-----
Dodging        | 3 |  3.1
Long Blades    | 3 4 |  4.1
Fighting       | |  3.7
Stealth        | |  0.6
Shields        | |  3.8

Action                   |  1- 3 |  4- 6 || total
-------------------------+-------+-------++-------
Melee: Long sword        |   116 |    66 ||   182
       Tailslap          |    13 |     9 ||    22
  Use: Scroll            |     4 |     4 ||     8
       Potion            |     1 |     1 ||     2
 Stab: Sleeping          |     2 |     1 ||     3
  Eat: Chunk             |     3 |     3 ||     6
Armor: Skin              |    51 |    22 ||    73
Dodge: Dodged            |    42 |    31 ||    73
Block: Shield            |    66 |    28 ||    94
       Rpst.: Long sword |    12 |    12 ||    24
